 Dungeon Crawl Stone Soup version 0.29.1-2-gbd0b4ee654 (webtiles) character file.

Game seed: 11092519836996359121

195 Goreval the Chopper (level 5, -1/44 HPs)
             Began as a Palentonga Fighter on Nov 16, 2022.
             Was a Believer of the Shining One.
             Slain by a gnoll
             ... wielding a +0 club
              (4 damage)
             ... on level 3 of the Dungeon.
             The game lasted 00:04:09 (2479 turns).

Goreval the Chopper (Palentonga Fighter)            Turns: 2479, Time: 00:04:10

Health: -1/44      AC:  6    Str: 23    XL:     5   Next: 45%
Magic:  5/5        EV:  7    Int:  9    God:    the Shining One [**....]
Gold:   97         SH:  4    Dex:  9    Spells: 4/4 levels left

rFire   . . .      SeeInvis +   a - +0 war axe
rCold   . . .      Faith    .   c - +0 buckler
rNeg    + . .      Spirit   .   b - +0 scale mail
rPois   .          Reflect  .   (no helmet)
rElec   .          Harm     .   (no cloak)
rCorr   .          Rampage  .   (no gloves)
Will    .....                   (no barding)
Stlth   ..........              (no amulet)
HPRegen 0.14/turn               (no ring)
MPRegen 0.09/turn               (no ring)

@: glowing
A: large, rugged brown scales 3, see invisible, deformed body, roll 1, armoured
tail
a: Rolling Charge, Renounce Religion, Divine Shield


You were on level 3 of the Dungeon.
You worshipped the Shining One.
The Shining One was pleased with you.
You visited 1 branch of the dungeon, and saw 3 of its levels.

You collected 97 gold pieces.

Inventory:

Hand Weapons
 a - a +0 war axe (weapon)
Armour
 b - a +0 scale mail (worn)
 c - a +0 buckler (worn)
Scrolls
 f - a scroll of poison {unknown}
 g - a scroll of magic mapping {unknown}
 k - 2 scrolls of noise {unknown}
 l - a scroll of identify {unknown}
 n - a scroll of brand weapon {unknown}
 o - a scroll of enchant armour {unknown}
 q - a scroll of fear {unknown}
Potions
 d - a potion of might
 e - a potion of curing {unknown}
 h - a potion of resistance {unknown}
 i - 2 potions of heal wounds {unknown}
 j - a potion of haste {unknown}
 m - 2 potions of mutation {unknown}
 p - a potion of flight {unknown}
 r - 2 potions of invisibility {unknown}
 s - 2 potions of cancellation {unknown}


   Skills:
 + Level 3.8 Fighting
 * Level 3.9 Axes
 + Level 3.1 Armour
 + Level 3.5 Shields


You had 4 spell levels left.
You didn't know any spells.
Your spell library contained the following spells:

 Spells                   Type           Power      Damage    Failure   Level
 Beastly Appendage        Tmut           0%         N/A       77%         1
 Wereblood                Tmut           0%         N/A       88%         2
 Inner Flame              Hex/Fire       0%         N/A       98%         3
 Spider Form              Tmut/Pois      0%         N/A       98%         3
 Cause Fear               Hex            0%         N/A       100%        4
 Discord                  Hex            0%         N/A       100%        8


Dungeon Overview and Level Annotations

Branches:
Dungeon (3/15)

Altars:
The Shining One

Shops:
D:2 ([[(


Innate Abilities, Weirdness & Mutations

You are completely covered in rugged brown scales. (AC +3, +7% HP)
You have supernaturally acute eyesight. (SInv)
Armour fits poorly on your strangely shaped body.
You can roll at nearby foes to attack.
You have a long armoured tail.


Message History

A rat comes into view.
Found a dark potion.
A rat is nearby!
You hit the rat.
You tail-slap the rat, but do no damage.
The rat bites you but does no damage. You block the rat's attack.
You hit the rat.
You kill the rat!
You see here a rat corpse.
Found a hand axe.
r - 2 dark potions (gained 1)
A gnoll comes into view. It is wielding a +0 halberd.
A gnoll is nearby!
A gnoll comes into view. It is wielding a +0 club.
The gnoll shouts!
A gnoll comes into view. It is wielding a +0 spear.
The gnoll shouts!
The gnoll hits you with a +0 halberd!
You see here a +0 hand axe.
You barely miss the gnoll. You tail-slap the gnoll.
The gnoll hits you with a +0 halberd!
You hit the gnoll.
The gnoll hits you with a +0 halberd! x2
* * * LOW HITPOINT WARNING * * *
You slash the gnoll!
You kill the gnoll!
Roll where?
Aim: a gnoll, wielding a +0 spear (haloed)
You roll forward with a clatter of scales!
You hit the gnoll but do no damage. You tail-slap the gnoll.
The gnoll closely misses you.
You slash the gnoll!
You kill the gnoll!
The gnoll hits you with a +0 club.
* * * LOW HITPOINT WARNING * * *
You hit the gnoll. The gnoll hits you with a +0 club.
* * * LOW HITPOINT WARNING * * *
You barely miss the gnoll. The gnoll hits you with a +0 club.
The Shining One protects you from harm!
You hit the gnoll. The gnoll hits you with a +0 club.
You die...

#.###...## #.##.. #.
##.## .# ##.###. # .# .#
#...... .########.#
#)..... ......#...#
#..###. #.......###......
##.#..............
#.######...###.####.#####
#.....g@).........†.#
###.####...###.########
##.## #......... #.#
#.#######. #.# #.# ..#
#.# ### #.# #.# ..#


You could see a gnoll.

Vanquished Creatures
  An orc priest (D:3)
  2 orc wizards (D:3)
  2 gnolls (D:3)
  2 adders (D:2)
  3 dart slugs
  6 orcs (D:3)
  7 endoplasms
  3 giant cockroaches
  7 goblins
  8 hobgoblins
  2 kobolds
  3 quokkas
  5 ball pythons
  6 bats
  A frilled lizard (D:2)
  4 rats
62 creatures vanquished.

Notes
Turn   | Place    | Note
-------+----------+-------------------------------------------
     0 | D:1      | Goreval the Palentonga Fighter began the quest for the Orb.
     0 | D:1      | Reached XP level 1. HP: 19/19 MP: 1/1
   417 | D:1      | Found a faded altar of an unknown god.
   422 | D:1      | Reached XP level 2. HP: 25/25 MP: 2/2
   423 | D:1      | Prayed at the altar of an unknown god.
   423 | D:1      | Became a worshipper of the Shining One
   423 | D:1      | Reached * piety under the Shining One
  1112 | D:1      | Reached XP level 3. HP: 31/31 MP: 3/3
  1339 | D:2      | Found Lotsuuly's Armour Emporium.
  1614 | D:2      | Found Rouzun's Antique Armour Emporium.
  1711 | D:2      | Reached ** piety under the Shining One
  1714 | D:2      | Reached XP level 4. HP: 37/37 MP: 4/4
  1748 | D:2      | Found Xarhohip's Antique Weapon Boutique.
  1841 | D:2      | Found Zenuitou's Assorted Antiques.
  1866 | D:2      | Found Fiffic's Weapon Boutique.
  2207 | D:3      | Reached XP level 5. HP: 39/43 MP: 5/5
  2477 | D:3      | HP: 2/44 [gnoll/+0 club (2)]
  2478 | D:3      | The Shining One protects you from harm!
  2479 | D:3      | Slain by a gnoll

Illustrated notes

Levels and vault maps discovered:
D:1:      lightli_arrival_statuegarden, layout_basic,
          ebering_ecumenical_altar_webs, glass_columns_b, minmay_octomino_j4
D:2:      layout_loops_ring, serial_shops, shop, nicolae_shop_behind_doors,
          nicolae_shop_stone, shop, shop, serial_bayou_pond_e
D:3:      layout_loops_ring

Skill      XL: |  1  2  3  4 |
---------------+-------------+-----
Shields        | 3 |  3.5
Axes           | 3 |  3.9
Armour         | 3 |  3.1
Fighting       | |  3.8

Action                   |  1- 3 |  4- 6 || total
-------------------------+-------+-------++-------
Melee: War axe           |    84 |    57 ||   141
       Tailslap          |     7 |     9 ||    16
Throw: Stone             |    22 |       ||    22
 Abil: Rolling Charge    |     8 |     1 ||     9
Armor: Scale mail        |    35 |    16 ||    51
Dodge: Dodged            |    24 |     9 ||    33
Block: Buckler           |    11 |    11 ||    22
